 Dungeon Crawl Stone Soup version 0.23.0 (webtiles) character file.

Game seed: 9679480001426068654

57 Dantiko the Slasher (level 4, -2/34 HPs)
             Began as a Barachi Warper on Feb 11, 2019.
             Killed from afar by an orc wizard (6 damage)
             ... with a magic dart
             ... on level 4 of the Dungeon.
             The game lasted 00:04:13 (1050 turns).

Dantiko the Slasher (Barachi Warper)                Turns: 1050, Time: 00:04:13

Health: -2/34      AC:  6    Str: 12    XL:     4   Next: 0%
Magic:  2/7        EV: 11    Int: 15    God:
Gold:   78         SH:  0    Dex: 11    Spells: 3/7 levels left

rFire    . . .     SeeInvis .   a - +0 falchion
rCold    . . .     Gourm    .   (no shield)
rNeg     . . .     Faith    .   h - +0 ring mail
rPois    .         Spirit   .   m - +0 helmet
rElec    .         Reflect  .   (no cloak)
rCorr    .         Harm     .   (no gloves)
MR       .....                  (no boots)
Stlth    +.........             (no amulet)
HPRegen  0.11/turn              g - ring of wizardry
MPRegen  0.10/turn              (no ring)

@: can't hop, slowed, very slow
A: +LOS, swims, slowness 1, strong legs 1
a: Hop


You were on level 4 of the Dungeon.
You were hungry.

You visited 1 branch of the dungeon, and saw 3 of its levels.

You collected 78 gold pieces.

Inventory:

Hand Weapons
 a - a +0 falchion (weapon)
Missiles
 e - 5 tomahawks of dispersal (quivered)
Armour
 h - a +0 ring mail (worn)
 m - a +0 helmet (worn)
Jewellery
 g - a ring of wizardry (left hand)
 i - a cursed ring of positive energy {unknown}
Scrolls
 b - 3 scrolls of remove curse {unknown}
 d - a scroll of blinking
 j - a scroll of immolation {unknown}
 n - a scroll of amnesia {unknown}
 p - a scroll of identify {unknown}
Potions
 k - a potion of brilliance {unknown}
 l - 3 potions of curing
 o - a potion of cancellation {unknown}
Comestibles
 c - 6 chunks of flesh
 f - 3 rations


   Skills:
 - Level 2.4 Fighting
 - Level 4.0 Long Blades
 - Level 1.0 Throwing
 - Level 1.2 Armour
 - Level 2.1 Dodging
 - Level 2.1 Spellcasting
 + Level 1.6 Charms
 + Level 3.8 Translocations


You had 3 spell levels left.
You knew the following spells:

 Your Spells              Type           Power        Failure   Level  Hunger
a - Blink                 Tloc           N/A          6%          2    ###....
b - Shroud of Golubria    Chrm/Tloc      #.........   10%         2    ###....

Your spell library contained the following spells:

 Spells                   Type           Power        Failure   Level  Hunger
 Gell's Gravitas          Tloc           ##........   12%         3    ###....
 Lesser Beckoning         Tloc           ##........   12%         3    ###....
 Teleport Other           Tloc           ##......     12%         3    ###....
 Passage of Golubria      Tloc           N/A          38%         4    #####..


Dungeon Overview and Level Annotations

Branches:
Dungeon (2/15)

Altars:

Annotations:
D:2 Sigmund


Innate Abilities, Weirdness & Mutations

Shadows flee at your approach. (+LOS)
You can swim through water.
You cover ground slowly.
You can hop short distances.


Message History

The orc wizard gestures wildly while chanting.
The orc wizard seems to speed up.
The orc wizard casts a spell.
The orc wizard blinks!
Casting: Blink (safe; 6% risk of failure)
Confirm with . or Enter, or press ? or * to list all spells.
You blink.
The orc wizard gestures at you while chanting.
The magic dart hits you.
* * * LOW HITPOINT WARNING * * *
The orc wizard casts a spell.
The orc wizard blinks!
It was a potion of curing.
You feel better.
Some of the chunks of flesh in your inventory have rotted away.
The orc wizard casts a spell at you. The puff of flame hits you!
* * * LOW HITPOINT WARNING * * *
The orc wizard points at you and mumbles some strange words.
The magic dart hits you.
You die...

.......## #.o.o..#.....#
.###....####............#
#....##..#....#......#
#.....###....o.#.....#
##o#.......o........#
#.##...##...o.....##.
#o.#$.###............
#.....##.............
#....####.#.@........
..... ..##......... ##...
..# #......... ...
.......... ..........
........... ...........
.....##..#.. ...... #.#..


You could see 3 orc wizards and 2 orcs.

Vanquished Creatures
  An adder (D:2)
  2 worms
  2 dart slugs
  A leopard gecko (D:1)
  3 giant cockroaches (D:1)
  4 goblins
  7 hobgoblins
  5 jackals
  3 bats
  2 frilled lizards (D:1)
  3 kobolds
  2 rats (D:1)
35 creatures vanquished.

Notes
Turn   | Place    | Note
-------+----------+-------------------------------------------
     0 | D:1      | Dantiko the Barachi Warper began the quest for the Orb.
     0 | D:1      | Reached XP level 1. HP: 17/17 MP: 3/3
    54 | D:1      | Reached skill level 3 in Long Blades
    57 | D:1      | Reached XP level 2. HP: 23/23 MP: 5/5
    69 | D:1      | Learned a level 2 spell: Blink
    72 | D:1      | Learned a level 2 spell: Shroud of Golubria
   396 | D:1      | Reached skill level 4 in Long Blades
   464 | D:1      | Reached XP level 3. HP: 27/28 MP: 6/6
   841 | D:2      | Reached skill level 1 in Charms
  1019 | D:2      | Noticed Sigmund
  1021 | D:2      | Reached XP level 4. HP: 32/34 MP: 7/7
  1034 | D:2      | You fall through a shaft for 2 floors!
  1050 | D:4      | Killed from afar by an orc wizard

Skill      XL: |  1  2  3 |
---------------+----------+-----
Long Blades    | 3 4 |  4.0
Charms         | 1 |  1.6
Fighting       | |  2.4
Throwing       | |  1.0
Armour         | |  1.2
Dodging        | |  2.1
Spellcasting   | |  2.1
Translocations | |  3.8

Action                   |  1- 3 |  4- 6 || total
-------------------------+-------+-------++-------
Melee: Falchion          |   139 |     7 ||   146
 Cast: Shroud of Golubri |     2 |     1 ||     3
       Blink             |       |     3 ||     3
 Abil: Hop               |       |     1 ||     1
  Use: Potion            |       |     1 ||     1
  Eat: Chunk             |     1 |       ||     1
Armor: Leather armour    |     2 |       ||     2
       Ring mail         |    54 |     3 ||    57
Dodge: Dodged            |    77 |     9 ||    86
       Rpst.: Falchion   |    30 |     1 ||    31
